 Dungeon Crawl Stone Soup version 0.29.1-1-gd02db6906a (webtiles) character file.

Game seed: 3316128573313666374

1464 Acheron the Chopper (level 8, -1/68 HPs)
             Began as a Minotaur Fighter on Sept 21, 2022.
             Slain by an orc warrior
             ... wielding a +0 battleaxe
              (22 damage)
             ... on level 8 of the Dungeon.
             The game lasted 00:18:34 (4531 turns).

Acheron the Chopper (Minotaur Fighter)              Turns: 4531, Time: 00:18:35

Health: -1/68      AC:  4    Str: 24    XL:     8   Next: 48%
Magic:  7/7        EV: 15    Int:  7    God:
Gold:   237        SH:  4    Dex:  8    Spells: 7/7 levels left

rFire   . . .      SeeInvis +   n - +3 mace of Puggoeple {venom, rC++ Str+4 Dex-3 SInv}
rCold   + + .      Faith    .   c - +0 buckler
rNeg    . . .      Spirit   .   k - +1 leather armour {rPois}
rPois   +          Reflect  .   (helmet restricted)
rElec   .          Harm     .   (no cloak)
rCorr   .          Rampage  .   (no gloves)
Will    .....                   (no boots)
Stlth   ++........              (no amulet)
HPRegen 0.21/turn               r - +4 ring of evasion
MPRegen 0.10/turn               e - +4 ring of slaying

@: no status effects
A: horns 2, retaliatory headbutt
a: no special abilities


You were on level 8 of the Dungeon.
You visited 1 branch of the dungeon, and saw 8 of its levels.

You collected 393 gold pieces.
You spent 156 gold pieces at shops.

Inventory:

Hand Weapons
 i - a +1 sling of flaming
 n - the +3 mace of Puggoeple (weapon) {venom, rC++ Str+4 Dex-3 SInv}
   (You found it on level 6 of the Dungeon)

   It poisons the flesh of those it strikes.
   Str:       It affects your strength (+4).
   Dex:       It affects your dexterity (-3).
   rC:        It greatly protects you from cold.
   SInv:      It lets you see invisible.
 p - a +2 dagger of protection
 y - a +2 vorpal war axe
Missiles
 g - 2 boomerangs
 q - 5 poisoned darts (quivered)
Armour
 c - a +0 buckler (worn)
 d - a +1 leather armour of cold resistance
 k - a +1 leather armour of poison resistance (worn)
 o - the +1 leather armour of Death's Door {rN++ Regen+ Str+2 Int-4}
   (You found it on level 3 of the Dungeon)

   Str:       It affects your strength (+2).
   Int:       It affects your intelligence (-4).
   rN:        It greatly protects you from negative energy.
   Regen:     It increases your rate of health regeneration.
Jewellery
 e - a +4 ring of slaying (right hand)
 r - a +4 ring of evasion (left hand)
Wands
 s - a wand of flame (10)
Scrolls
 b - a scroll of blinking
 f - 2 scrolls of poison
Potions
 h - a potion of brilliance {unknown}
 j - a potion of flight
 l - 3 potions of curing
 m - a potion of resistance {unknown}
 t - a potion of invisibility {unknown}
 u - a potion of lignification
 v - a potion of berserk rage {unknown}
 w - 2 potions of might
 x - a potion of heal wounds


   Skills:
 * Level 5.3 Fighting
 * Level 7.3(7.4) Axes
 * Level 1.1(4.7) Maces & Flails
 * Level 2.3 Throwing
 * Level 6.6 Armour
 * Level 3.0 Dodging
 * Level 2.4 Stealth
 * Level 5.3 Shields
 * Level 2.0 Evocations


You had 7 spell levels left.
You didn't know any spells.
Your spell library contained the following spells:

 Spells                   Type           Power      Damage    Failure   Level
 Magic Dart               Conj           0%         1d3       56%         1
 Blink                    Tloc           0%         N/A       71%         2
 Call Imp                 Summ           0%         N/A       71%         2
 Mephitic Cloud           Conj/Pois/Air  0%         N/A       90%         3
 Manifold Assault         Tloc           0%         N/A       100%        5
 Summon Forest            Summ/Tloc      0%         N/A       100%        5
 Summon Mana Viper        Hex/Summ       0%         N/A       100%        5
 Summon Cactus Giant      Summ           0%         N/A       100%        6
 Storm Form               Tmut/Air       0%         N/A       100%        7


Dungeon Overview and Level Annotations

Branches:
Dungeon (8/15)
 Temple: D:4-7         Lair: D:8-11

Altars:
Ashenzari
Qazlal
Sif Muna
Vehumet
Xom

Shops:
D:6 [   D:7 !

Annotations:
D:5 Dowan, Duvessa
D:7 exclusion: downstairs


Innate Abilities, Weirdness & Mutations

You have a pair of horns on your head.
You reflexively headbutt those who attack you in melee.


Message History

The orc moves out of view.
You hit the orc wizard but do no damage.
You block the orc wizard's attack.
The orc shouts!
You sock the orc wizard!
The orc wizard looks as sick as possible!
The orc wizard is almost dead.
You kill the orc wizard!
An orc warrior comes into view. It is wielding a +0 battleaxe.
Your Dodging skill increases to level 3!
Things that are here:
a +0 dagger; a +0 robe The orc closely misses you.
You barely miss the orc. Your headbutt misses the orc.
The orc hits you but does no damage.
The orc warrior hits you with a +0 battleaxe!
You hit the orc warrior.
The orc warrior is poisoned.
The orc warrior is lightly wounded.
An orc comes into view. It is wielding a +0 club.
The orc closely misses you. The orc warrior closely misses you.
The orc warrior hits you with a +0 battleaxe!!
The orc barely misses you. You furiously retaliate!
You headbutt the orc!
You kill the orc!
The orc shouts!
You closely miss the orc warrior.
The orc warrior is lightly wounded.
The orc warrior completely misses you.
You closely miss the orc warrior. Your headbutt misses the orc warrior.
The orc warrior is lightly wounded.
The orc warrior hits you with a +0 battleaxe!
Unknown command.
You thump the orc warrior!
The orc warrior is heavily wounded.
The orc warrior completely misses you.
Unknown command.
You hit the orc warrior but do no damage.
The orc warrior looks as sick as possible!
The orc warrior is heavily wounded.
The orc warrior hits you with a +0 battleaxe!!
You die...

.........#...#
..♣......#...#.
.........#...#..
.........#...#.##
.........#...#..##
##############...## #
#....## #
############...o.#..#
#............)@)....#
###............#.o...##
...............##.....#
.....###########
#.....# .....# ......
.....# .#.... .....#
##... .....# #.. .....#


You could see an orc warrior (extremely poisoned) and an orc.

Vanquished Creatures
  A hornet (D:7)
  A wraith (D:6)
  2 water moccasins
  A sky beast (D:6)
  2 bullfrogs
  A scorpion (D:6)
  2 necrophages (D:6)
  7 hounds
  An orc priest (D:5)
  2 jellies
  2 orc wizards
  5 adders
  A river rat (D:6)
  2 shadow imps
  An ufetubus (D:3)
  2 dart slugs
  6 orcs
  5 endoplasms
  5 giant cockroaches
  6 goblins
  7 hobgoblins
  2 jackals (D:5)
  4 quokkas
  4 bats
  3 frilled lizards (D:1)
  A kobold (D:1)
  4 rats
80 creatures vanquished.

Vanquished Creatures (others)
  8 plants (D:7)
8 creatures vanquished.

Grand Total: 88 creatures vanquished

Notes
Turn   | Place    | Note
-------+----------+-------------------------------------------
     0 | D:1      | Acheron the Minotaur Fighter began the quest for the Orb.
     0 | D:1      | Reached XP level 1. HP: 19/19 MP: 0/0
   176 | D:2      | Reached XP level 2. HP: 27/27 MP: 1/1
   531 | D:1      | Reached XP level 3. HP: 32/32 MP: 2/2
   656 | D:1      | Found a faded altar of an unknown god.
  1235 | D:3      | Identified the +1 leather armour of Death's Door {rN++
                  | Regen+ Str+2 Int-4}
  1375 | D:3      | Found a stormy altar of Qazlal.
  1809 | D:2      | Reached skill level 3 in Axes
  2168 | D:3      | Reached XP level 4. HP: 40/40 MP: 3/3
  2294 | D:4      | Found a radiant altar of Vehumet.
  2493 | D:4      | Noticed an ogre
  2506 | D:5      | Entered Level 5 of the Dungeon
  2510 | D:5      | Reached skill level 1 in Stealth
  2538 | D:6      | Noticed a bullfrog
  2549 | D:6      | Killed a bullfrog
  2550 | D:6      | Reached skill level 4 in Axes
  2550 | D:6      | Reached skill level 1 in Dodging
  2550 | D:6      | Reached XP level 5. HP: 32/46 MP: 4/4
  2663 | D:6      | Noticed a sky beast
  2729 | D:5      | Noticed Duvessa
  2756 | D:8      | Noticed an orc warrior
  3025 | D:7      | Noticed a hornet
  3039 | D:7      | Killed a hornet
  3040 | D:7      | Reached skill level 5 in Axes
  3040 | D:7      | Reached skill level 5 in Armour
  3040 | D:7      | Reached XP level 6. HP: 39/53 MP: 5/5
  3076 | D:6      | Noticed a wraith
  3078 | D:6      | Noticed a water moccasin
  3094 | D:6      | Killed a water moccasin
  3095 | D:6      | Reached skill level 1 in Throwing
  3095 | D:6      | Reached skill level 1 in Evocations
  3095 | D:6      | Reached XP level 7. HP: 22/60 MP: 6/6
  3222 | D:6      | Killed a wraith
  3223 | D:6      | Reached skill level 6 in Axes
  3223 | D:6      | Reached skill level 5 in Shields
  3224 | D:6      | Reached skill level 5 in Fighting
  3719 | D:6      | Reached XP level 8. HP: 57/68 MP: 7/7
  3820 | D:6      | Identified the +3 mace of Puggoeple {venom, rC++ Str+4
                  | Dex-3 SInv}
  3876 | D:6      | Found Wegijiekk's Antique Armour Boutique.
  3936 | D:5      | Found a shimmering altar of Xom.
  4138 | D:5      | Reached skill level 7 in Axes
  4373 | D:5      | Noticed Dowan
  4374 | D:5      | Found a shimmering blue altar of Sif Muna.
  4434 | D:7      | Found Enaushug's Distillery.
  4444 | D:7      | Bought a potion of curing for 39 gold pieces
  4444 | D:7      | Bought a potion of heal wounds for 65 gold pieces
  4444 | D:7      | Bought a potion of might for 52 gold pieces
  4457 | D:8      | Found a broken altar of Ashenzari.
  4513 | D:8      | Reached skill level 1 in Maces & Flails
  4531 | D:8      | Slain by an orc warrior

Illustrated notes

Levels and vault maps discovered:
D:1:      tarquinn_simple_flora_water_c, layout_loops_ring,
          dreamdust_ecumenical_altar_grove, dk_noncrumbling_3
D:2:      layout_loops_cross
D:3:      layout_basic, mainiacjoe_overflow_tiny_flanked, serial_bayou_crossing
D:4:      layout_gridville, nicolae_vehumet_radiance,
          nicolae_uskayaw_murder_on_the_dancefloor
D:5:      layout_cave_pools, nzn_overflow_gifts_of_might_and_magic,
          mainiacjoe_overflow_paths, small_statue_intersection,
          grunt_decor_junction, dreamdust_princess_corridor
D:6:      layout_cave_pools, tgw_fedhas, gup_sewer_entry_bubbles, serial_shops,
          nicolae_shop_advertising_works [nicolae_subvault_shop_adworks],
          minmay_fractal_squares_gapless_5, uniq_eustachio, uniq_duvessa
D:7:      layout_basic, minmay_temple_entry_butterflies, nicolae_stop_n_shop_1,
          chequers_big_river, chequers_serial_rivers_micro_c
D:8:      layout_basic, amcnicky_altar_gilded, minmay_crossroads

Skill      XL: |  1  2  3  4  5  6  7  8 |
---------------+-------------------------+-----
Fighting       | 4 5 |  5.3
Armour         | 4 5 6 |  6.6
Shields        | 4 5 |  5.3
Axes           | 3 4 5 6 7 |  7.3
Stealth        | 1 2 |  2.4
Dodging        | 1 2 3 |  3.0
Throwing       | 1 2 |  2.3
Evocations     | 1 2 |  2.0
Maces & Flails | 1 |  1.1

Action                   |  1- 3 |  4- 6 |  7- 9 || total
-------------------------+-------+-------+-------++-------
Melee: War axe           |    77 |    34 |    68 ||   179
       Headbutt          |     9 |     8 |    12 ||    29
       Mace              |       |       |    12 ||    12
  Use: Scroll            |       |    10 |     5 ||    15
       Potion            |       |     2 |     2 ||     4
Armor: Scale mail        |    39 |    14 |    10 ||    63
       Leather armour    |       |       |     9 ||     9
Dodge: Dodged            |    40 |    27 |    61 ||   128
Block: Buckler           |    16 |     9 |    19 ||    44
